 Dungeon Crawl Stone Soup version 0.28.0-47-ge53b351184 (webtiles) character file.

Game seed: 11292741542881925093

25 terff the Ducker (level 3, -2/35 HPs)
             Began as a Gnoll Monk on May 1, 2022.
             Slain by a goblin
             ... wielding a +0 club
             ... led by Robin
              (3 damage)
             ... on level 2 of the Dungeon.
             The game lasted 00:01:33 (1032 turns).

terff the Ducker (Gnoll Monk)                       Turns: 1032, Time: 00:01:34

Health: -2/35      AC:  8    Str: 12    XL:     3   Next: 6%
Magic:  3/3        EV:  7    Int:  9    God:
Gold:   40         SH:  0    Dex: 14    Spells: 3/3 levels left

rFire   . . .      SeeInvis .   a - +0 falchion
rCold   . . .      Faith    .   (no shield)
rNeg    . . .      Spirit   .   e - +0 chain mail
rPois   .          Reflect  .   (no helmet)
rElec   .          Harm     .   (no cloak)
rCorr   .          Rampage  .   (no gloves)
Will    .....                   (no boots)
Stlth   ..........              (no amulet)
HPRegen 0.11/turn               (no ring)
MPRegen 0.08/turn               (no ring)

@: mighty
A: fangs 1, strong nose, distributed training
a: no special abilities


You were on level 2 of the Dungeon.
You visited 1 branch of the dungeon, and saw 2 of its levels.

You collected 40 gold pieces.

Inventory:

Hand Weapons
 a - a +0 falchion (weapon)
Armour
 b - a +0 robe
 e - a +0 chain mail (worn)
Scrolls
 f - 3 scrolls of identify {unknown}


   Skills:
 + Level 6.5 Fighting
 + Level 0.6 Short Blades
 + Level 6.5 Long Blades
 + Level 0.6 Axes
 + Level 0.6 Maces & Flails
 + Level 0.6 Polearms
 + Level 0.6 Staves
 + Level 0.6 Slings
 + Level 0.6 Bows
 + Level 0.6 Crossbows
 + Level 0.6 Throwing
 + Level 0.6 Armour
 + Level 6.5 Dodging
 + Level 4.1 Stealth
 + Level 0.6 Shields
 + Level 0.6 Unarmed Combat
 + Level 0.6 Spellcasting
 + Level 0.4 Conjurations
 + Level 0.4 Hexes
 + Level 0.4 Summonings
 + Level 0.4 Necromancy
 + Level 0.4 Translocations
 + Level 0.4 Transmutations
 + Level 0.4 Fire Magic
 + Level 0.4 Ice Magic
 + Level 0.4 Air Magic
 + Level 0.4 Earth Magic
 + Level 0.4 Poison Magic
 + Level 0.8 Invocations
 + Level 0.6 Evocations


You had 3 spell levels left.
You didn't know any spells.
Your spell library was empty.

Dungeon Overview and Level Annotations

Branches:
Dungeon (2/15)

Altars:

Annotations:
D:2 Robin


Innate Abilities, Weirdness & Mutations

You have very sharp teeth.
Your uncanny sense of smell can sniff out nearby items.
Your experience applies equally to all skills.


Message History

You slash the goblin!
You kill the goblin!
Robin roars a battlecry!
The goblins go into a battle-frenzy!
The hobgoblin barely misses you. The goblin hits you with a +0 club.
You slash the hobgoblin!
You kill the hobgoblin!
The goblin hits you with a +0 club. The hobgoblin hits you.
You slash the goblin!
You kill the goblin!
The goblin hits you but does no damage. Robin throws the goblin at you!
You have reached level 3!
Your experience leads to an increase in your attributes!
Increase (S)trength, (I)ntelligence, or (D)exterity?
Uppercase letters only, please.
You feel stronger. x2
As you read the scroll labelled JAILOC DYIFIA, it crumbles to dust.
Your body is wracked with pain!
* * * LOW HITPOINT WARNING * * *
The goblin convulses! x3; The hobgoblin convulses!
The goblin convulses!
The hobgoblin convulses!
Robin convulses!
It was a scroll of torment.
The goblin hits you with a +0 dagger.
* * * LOW HITPOINT WARNING * * *
The goblin barely misses you. The goblin hits you with a +0 club.
* * * LOW HITPOINT WARNING * * *
The hobgoblin hits you but does no damage.
You slice the goblin!!
You kill the goblin!
The goblin hits you but does no damage. The goblin hits you with a +0 club.
* * * LOW HITPOINT WARNING * * *
The hobgoblin hits you but does no damage.
The goblin hits you but does no damage.
A goblin comes into view. It is wielding a +0 club.
The goblin shouts!
You slash the hobgoblin!
You kill the hobgoblin!
The goblin closely misses you. The goblin hits you with a +0 club.
* * * LOW HITPOINT WARNING * * *
The goblin hits you with a +0 club.
You die...

∆ . ...
g...######
#....ggg###
#..g)@g..#
######.### #
######.##..#..
#..<........#
#.####........
# ####.^..#
.#.## # #


You could see Robin, a hobgoblin (strong) and 4 goblins.

Vanquished Creatures
  A dart slug (D:1)
  2 bats (D:1)
  2 endoplasms (D:1)
  A giant cockroach (D:2)
  3 hobgoblins
  2 quokkas (D:1)
  3 frilled lizards (D:1)
  7 goblins
  A kobold (D:1)
22 creatures vanquished.

Vanquished Creatures (others)
  A fungus (D:2)
1 creature vanquished.

Grand Total: 23 creatures vanquished

Notes
Turn   | Place    | Note
-------+----------+-------------------------------------------
     0 | D:1      | terff the Gnoll Monk began the quest for the Orb.
     0 | D:1      | Reached XP level 1. HP: 23/23 MP: 1/1
     2 | D:1      | Noticed a formicid
     4 | D:1      | Noticed a tengu
     4 | D:1      | Noticed a minotaur
     6 | D:1      | Noticed a vine stalker
     8 | D:1      | Noticed a naga
    10 | D:1      | Noticed a human
    12 | D:1      | Noticed a gargoyle
    12 | D:1      | Noticed an ogre
    14 | D:1      | Noticed a merfolk
    14 | D:1      | Noticed a dwarf
    16 | D:1      | Noticed a troll
    16 | D:1      | Noticed an elf
    18 | D:1      | Noticed a draconian
    18 | D:1      | Noticed a spriggan
    20 | D:1      | Noticed a demigod
    20 | D:1      | Noticed a vampire
    22 | D:1      | Noticed an octopode
    24 | D:1      | Noticed a demonspawn
    24 | D:1      | Noticed a ghoul
    26 | D:1      | Noticed a felid
   338 | D:1      | Reached XP level 2. HP: 29/29 MP: 2/2
  1023 | D:2      | Noticed Robin
  1030 | D:2      | Reached XP level 3. HP: 17/35 MP: 3/3
  1032 | D:2      | HP: 1/35 [goblin/+0 club[Robin] (3)]
  1032 | D:2      | Slain by a goblin

Illustrated notes

Levels and vault maps discovered:
D:1:      kb_arrival_jail, layout_basic, chequers_serial_rivers_marsh
D:2:      layout_loops_ring, shapermc_ecumenical_altar_gd,
          uniq_crazy_yiuf_cottage, uniq_jessica, uniq_robin

Action                   || total
-------------------------++-------
Melee: Falchion          ||    63
       Bite              ||     4
       Punch             ||     1
  Use: Scroll            ||     2
       Potion            ||     1
Armor: Robe              ||    11
       Chain mail        ||    42
Dodge: Dodged            ||    50
